Map: New Gettysburg LE

Players

Fropez

  • Race: Protoss Protoss
  • League: Gold
  • Spawn Location: 5:00

riceman - Winner!

  • Race: Zerg Zerg
  • League: Gold
  • Spawn Location: 7:00

VOD

Have the link to the VOD?

Description

Time

  • Played on: Aug. 20, 2016, 12:24 a.m.
  • Length: 3:54
Show
View Real Time Build Order
Export as new Build Order

Fropez Protoss 

Build Orders:  

Get SALT Encoding   

  12  0:01  Probe (Chrono Boost)  
  13  0:11  Probe (Chrono Boost)  
  14  0:19  Pylon  
  14  0:22  Probe (Chrono Boost)  
  15  0:40  Probe (Chrono Boost), Gateway  
  16  0:50  Probe (Chrono Boost), Assimilator  
  17  0:57  Pylon  
  17  1:01  Probe (Chrono Boost)  
  18  1:14  Pylon  
  18  1:15  Probe (Chrono Boost)  
  19  1:32  Cybernetics Core  
  19  1:35  Probe (Chrono Boost)  
  20  1:46  Gateway  
  20  1:47  Gateway  
  20  1:51  Gateway  
  20  1:59  Probe (Chrono Boost)  
  21  2:05  Assimilator  
  21  2:08  Warp Gate (Chrono Boost)  
  21  2:20  Pylon  
  21  2:29  Twilight Council  
  21  2:31  Adept  
  27  2:48  Probe  
  23  2:51  Stalker  
  23  2:52  Stalker  
  27  3:00  Probe  
  28  3:12  Probe  
  31  3:32  Pylon  
Show
View Real Time Build Order
Export as new Build Order

riceman Zerg - Winner!

Build Orders: Pool First 

Get SALT Encoding   

  12  0:05  Drone  
  13  0:17  Drone  
  14  0:31  Spawning Pool  
  13  0:36  Extractor  
  13  0:37  Overlord  
  12  0:48  Drone x2  
  14  0:57  Drone  
  16  1:04  Drone  
  16  1:17  Queen  
  18  1:26  Roach Warren  
  17  1:33  Overlord  
  17  1:50  Overlord  
  17  2:07  Roach x3  
  23  2:20  Roach  
  25  2:30  Roach x2  
  25  2:31  Roach  
  25  2:36  Roach  
  33  2:45  Overlord  
  33  3:03  Overlord  
  33  3:21  Hatchery  
  33  3:24  Drone x2  
  34  3:31  Roach  
  36  3:37  Drone  
Tags
 
League
GoldGold
Matchup
PvZ
Opening
Pool First
Replay Pack
All Mines
Spawn Locations
Close Positions
Add a new tag
Caveats
  • Supply blocks, unpowered buildings, or Contaminate may cause inaccurate times.
  • Supply counts are checked every 10 seconds.